AoeStats
← Fluvialgeomorphologist

Black Forest

505376434Analyzed
3v3 RM · 23d ago on Sep 9, 2026· 61m 47s· 6 players
Game mode
Random Map
Map size
Normal (6 player)
Population
200
Speed
Normal
Resources
Standard
Victory
Conquest
Starting age
Dark Age
Ending age
Imperial Age
RankedLock teamsTeams togetherTeam positionsShared explorationLock speedFull tech treeHidden civsTurbo modeCheats
Victory
Defeat
🇨🇴 Khmer · Colombia
897
+15
🇲🇽 Hindustanis · Mexico
871
+16
🇺🇸 Bohemians · United States
844
+17
🇺🇸 Franks · United States
886
-17
🇺🇸 Gurjaras · United States
883
-17
🇺🇸 Teutons · United States
820
-14
GhostyStar1527
1:34 Loom
12:25 Feudal Age
12:46 Horse Collar
12:57 Double-Bit Axe
14:27 Wheelbarrow
20:04 Castle Age
18:21 Stone Mining
22:44 Hand Cart
24:48 Stone Shaft Mining
26:03 Bow Saw
26:22 Heavy Plow
32:43 Scale Barding Armor
32:49 Forging
33:03 Kshatriyas
33:15 Bloodlines
33:05 Husbandry
36:52 Imperial Age
35:00 Chain Barding Armor
36:01 Iron Casting
37:03 Scale Mail Armor
37:59 Frontier Guards
37:03 Heavy Camel Rider
38:32 Elite Chakram Thrower
43:07 Plate Barding Armor
42:48 Chain Mail Armor
45:13 Onager
48:15 Gold Mining
SillyGam3rtag
0:39 Loom
12:44 Feudal Age
13:26 Double-Bit Axe
14:12 Town Watch
14:37 Horse Collar
16:41 Wheelbarrow
23:58 Castle Age
22:25 Stone Mining
22:28 Gold Mining
23:47 Scale Mail Armor
23:57 Forging
23:38 Fletching
25:14 Bow Saw
25:06 Heavy Plow
26:17 Stone Shaft Mining
26:58 Fortified Wall
26:59 Masonry
27:19 Town Patrol
28:40 Bodkin Arrow
30:30 Hand Cart
31:30 Chain Mail Armor
32:21 Iron Casting
32:10 Ballistics
36:12 Imperial Age
34:12 Arson
34:28 Squires
33:50 Pikeman
34:59 Padded Archer Armor
34:30 Elite Skirmisher
38:28 Chemistry
39:00 Crenellations
38:21 Elite Teutonic Knight
41:28 Hoardings
41:40 Conscription
48:02 Plate Mail Armor
48:33 Blast Furnace
47:49 Leather Archer Armor
48:00 Siege Engineers
50:23 Ironclad
53:28 Halberdier
Duwart
0:26 Loom
12:22 Feudal Age
13:11 Double-Bit Axe
20:21 Castle Age
20:00 Gold Mining
20:00 Stone Mining
23:03 Bow Saw
25:03 Gold Shaft Mining
25:44 Wheelbarrow
26:18 Town Watch
29:25 Husbandry
30:04 Fortified Wall
30:26 Forging
30:05 Arson
32:16 Hand Cart
33:51 #83
36:30 Imperial Age
34:58 Masonry
35:00 Scale Barding Armor
35:30 Iron Casting
35:20 Town Patrol
36:18 Squires
36:59 Chain Barding Armor
36:40 Padded Archer Armor
36:43 Scale Mail Armor
36:35 Cavalier
37:18 Chivalry
38:01 Conscription
37:03 Elite Throwing Axeman
38:39 Plate Barding Armor
39:10 Blast Furnace
39:00 Chain Mail Armor
39:08 Conscription
39:00 Paladin
43:01 Hoardings
44:02 Plate Mail Armor
43:56 Caravan
BearKing89
0:28 Loom
12:58 Feudal Age
16:56 Castle Age
15:22 Double-Bit Axe
16:45 Horse Collar
18:24 Gold Mining
23:36 Bow Saw
24:36 Heavy Plow
26:27 Forging
29:00 Gold Shaft Mining
29:16 Wheelbarrow
29:08 Stone Mining
29:42 Ballistics
29:34 Masonry
32:00 Imperial Age
31:31 Hand Cart
32:49 Scale Barding Armor
33:20 Iron Casting
32:48 Husbandry
32:59 Bloodlines
33:20 Conscription
33:36 Hoardings
33:03 Grand Trunk Road
33:03 Shatagni
34:52 Chemistry
34:17 Chain Barding Armor
33:22 Heavy Camel Rider
33:24 Light Cavalry
34:10 Caravan
34:59 Thumb Ring
36:08 Blast Furnace
35:09 Padded Archer Armor
38:40 Leather Archer Armor
39:44 Plate Barding Armor
39:30 Imperial Camel Rider
41:54 Hussar
47:18 Ring Archer Armor
Fluvialgeomorphologist
1:18 Loom
12:50 Feudal Age
14:17 Double-Bit Axe
14:15 Horse Collar
16:47 Castle Age
18:26 Heavy Plow
18:40 Bow Saw
19:46 Fervor
25:19 Wheelbarrow
26:26 Hand Cart
30:58 Imperial Age
29:07 Pikeman
29:48 Squires
30:00 Forging
29:52 Scale Mail Armor
29:42 Fletching
29:53 Padded Archer Armor
31:49 Chemistry
31:10 Ballistics
31:49 Siege Engineers
33:03 Two-Man Saw
32:35 Capped Ram
33:36 Town Watch
33:42 Houfnice
35:20 Chain Mail Armor
35:40 Iron Casting
35:43 Conscription
36:24 Wagenburg Tactics
36:43 Town Patrol
36:54 Halberdier
38:53 Plate Mail Armor
39:23 Blast Furnace
38:58 Elite Skirmisher
39:15 Elite Hussite Wagon
42:13 Leather Archer Armor
41:53 Bodkin Arrow
42:22 Bombard Tower
44:14 Ring Archer Armor
44:45 Blast Furnace
43:46 Bracer
43:52 Scale Barding Armor
43:49 Husbandry
43:10 Light Cavalry
46:06 Caravan
48:11 Heavy Scorpion
49:34 Chain Barding Armor
49:09 Onager
60:25 Murder Holes
60:42 Masonry
60:12 Treadmill Crane
Judaaf
1:42 Loom
14:27 Feudal Age
14:48 Horse Collar
14:57 Double-Bit Axe
20:09 Castle Age
21:01 Stone Mining
22:39 Stone Shaft Mining
22:31 Bow Saw
22:23 Heavy Plow
22:17 Gold Mining
23:05 Wheelbarrow
24:08 Gold Shaft Mining
24:50 Wheelbarrow
24:38 Town Watch
26:20 Hand Cart
27:26 Caravan
32:21 Imperial Age
30:19 Town Patrol
31:32 Fortified Wall
31:33 Guard Tower
31:52 Scale Barding Armor
31:57 Forging
32:58 Devotion
33:52 Conscription
33:56 Chain Barding Armor
34:12 Iron Casting
34:30 Crop Rotation
36:07 Chemistry
35:52 Double Crossbow
36:09 Elite Ballista Elephant
39:05 Keep
40:41 Plate Barding Armor
41:07 Blast Furnace
41:41 Husbandry
41:51 Bloodlines
41:38 Light Cavalry
42:55 Hussar
47:46 Elite Battle Elephant
51:39 Faith
52:55 Cavalier
Connection lost

Rejoining the realm…

Still unreachable

The connection could not be restored.

Session expired

The server has moved on; the page needs a fresh start.